Map: Ultralove

Players

ICEMAN

  • Race: Terran Terran
  • League: Diamond
  • Spawn Location: 7:00

SubN - Winner!

  • Race: Zerg Zerg
  • League: Diamond
  • Spawn Location: 1:00

VOD

Have the link to the VOD?

Description

Time

  • Played on: July 26, 2025, 7:39 p.m.
  • Length: 16:04
Show
View Real Time Build Order
Export as new Build Order

ICEMAN Terran 

Build Orders:  

Get SALT Encoding   

  12  0:00  SCV  
  13  0:12  SCV  
  14  0:17  Supply Depot  
  14  0:25  SCV  
  15  0:38  SCV  
  15  0:40  Barracks  
  16  0:50  SCV  
  16  0:54  Supply Depot  
  17  1:02  SCV  
  18  1:10  Refinery  
  18  1:11  Refinery  
  18  1:14  SCV  
  19  1:27  Marine, SCV  
  21  1:39  Orbital Command  
  21  1:45  Marine  
  22  1:58  Bunker  
  22  2:03  Marine  
  23  2:21  Marine  
  24  2:29  Command Center  
  24  2:30  SCV  
  25  2:43  SCV  
  26  2:44  Barracks Tech Lab  
  26  2:48  Supply Depot  
  26  2:55  SCV  
  27  3:02  Barracks  
  27  3:03  Marine  
  28  3:06  Stimpack  
  28  3:07  SCV  
  29  3:18  Factory  
  29  3:19  SCV  
  30  3:21  Marine  
  31  3:31  SCV  
  32  3:36  Barracks  
  32  3:39  Marine  
  33  3:43  SCV  
  34  3:50  Barracks Reactor  
  34  3:53  Barracks  
  34  3:55  Barracks  
  34  3:57  Marine  
  34  4:02  Orbital Command  
  35  4:08  SCV  
  36  4:10  Factory Reactor  
  36  4:15  Marine  
  37  4:19  Starport  
  37  4:20  SCV  
  38  4:25  Barracks Reactor  
  38  4:29  Barracks  
  38  4:35  SCV x2  
  40  4:43  Barracks Reactor  
  40  4:45  Barracks Reactor  
  40  4:47  SCV x2  
  42  4:58  Engineering Bay  
  42  5:01  Factory Tech Lab  
  42  5:02  SCV x2  
  44  5:10  Combat Shield  
  44  5:14  SCV x2  
  44  5:16  Medivac x2  
  44  5:18  Barracks Reactor  
  50  5:24  Supply Depot  
  50  5:26  SCV  
  50  5:27  Engineering Bay  
  51  5:28  Refinery  
  51  5:29  Refinery  
  51  5:30  SCV  
  52  5:38  SCV  
  52  5:39  Marine  
  54  5:45  Marine x6  
  54  5:46  SCV  
  54  5:49  Supply Depot  
  61  5:50  Supply Depot  
  61  5:51  SCV  
  61  5:52  Supply Depot  
  61  5:56  Terran Infantry Weapons Level 1  
  61  5:57  Terran Infantry Armor Level 1  
  62  6:11  SCV  
  63  6:19  Medivac x2  
  63  6:22  Marine x7  
  63  6:23  Marine x4  
  78  6:40  Marine  
  78  6:42  Supply Depot x3  
  78  6:45  Supply Depot  
  79  6:49  Medivac x2  
  83  6:56  Command Center  
  83  6:58  Armory  
  83  7:04  Marine  
  83  7:05  Marine x4  
  83  7:06  Marine  
  64  7:50  SCV  
  59  8:02  SCV  
  58  8:09  Missile Turret  
  58  8:14  SCV  
  58  8:18  Orbital Command  
  59  8:21  Missile Turret  
  59  8:26  SCV  
  59  8:33  SCV  
  59  8:36  Terran Infantry Weapons Level 2  
  59  8:38  SCV  
  59  8:41  Missile Turret  
  60  8:43  Missile Turret  
  60  8:45  SCV  
  61  8:50  SCV  
  61  8:55  SCV  
  63  8:57  SCV  
  54  9:03  SCV  
  54  9:09  SCV  
  45  9:15  Missile Turret, SCV  
  47  9:17  SCV  
  47  9:21  Marine x2, SCV  
  47  9:22  Marine x2  
  52  9:27  SCV  
  52  9:29  Missile Turret, SCV  
  54  9:33  Terran Infantry Armor Level 2  
  54  9:34  SCV  
  54  9:36  Missile Turret  
  55  9:39  SCV  
  55  9:41  SCV  
  55  9:45  Marine x7  
  63  9:46  SCV  
  63  9:47  Marine  
  63  9:51  Fusion Core, SCV  
  67  9:53  SCV  
  67  9:58  SCV, Widow Mine  
  71  10:03  Drilling Claws, SCV  
  71  10:05  SCV  
  73  10:09  Marine  
  73  10:10  Marine x2, SCV  
  73  10:12  Marine  
  73  10:14  Marine  
  79  10:15  Marine, SCV  
  79  10:16  Marine  
  79  10:17  Marine, SCV  
  79  10:19  Widow Mine  
  86  10:22  SCV  
  86  10:27  SCV  
  87  10:34  SCV  
  80  10:41  Widow Mine  
  51  10:58  Command Center  
  51  11:02  Marine x8  
  51  11:03  Marine x3  
  62  11:11  Missile Turret  
  62  11:20  Missile Turret, Marine x3  
  65  11:30  Caduceus Reactor  
  65  11:44  Missile Turret  
  58  12:25  Marine  
  58  12:26  Marine x10  
  67  12:51  Missile Turret  
  67  12:53  SCV x2  
  69  13:03  Orbital Command  
  69  13:05  SCV x2  
  71  13:09  Missile Turret  
  71  13:12  Missile Turret  
  71  13:16  Terran Infantry Weapons Level 3  
  71  13:17  SCV  
  71  13:19  Terran Infantry Armor Level 3  
  72  13:39  SCV x3  
  75  13:43  Widow Mine  
  77  13:51  SCV x3  
  77  13:55  Marine x8  
  80  13:56  Marine x3  
  91  14:03  SCV x3  
  91  14:04  Widow Mine  
  96  14:10  Missile Turret  
  96  14:13  Marine x2  
  96  14:15  SCV x2  
  74  14:25  Widow Mine  
  74  14:26  Marine x9  
  74  14:27  SCV  
  74  14:31  Marine x2  
  79  14:39  SCV  
  79  14:44  Marine x4  
  74  15:10  Command Center  
  74  15:13  Command Center  
  68  15:24  Marine x5  
  68  15:25  Marine x4  
  77  15:41  Marine  
  77  15:42  Marine x4  
  80  15:43  Marine  
Show
View Real Time Build Order
Export as new Build Order

SubN Zerg - Winner!

Build Orders: Pool First 

Get SALT Encoding   

  12  0:00  Drone  
  13  0:13  Overlord  
  13  0:18  Drone  
  14  0:31  Drone x2  
  16  0:38  Drone  
  17  0:48  Spawning Pool  
  16  0:52  Drone  
  17  1:13  Hatchery  
  17  1:17  Drone x2  
  18  1:20  Extractor  
  18  1:25  Drone  
  17  1:35  Queen  
  19  1:42  Drone x2  
  21  1:57  Overlord  
  21  2:09  Overlord  
  21  2:19  Roach Warren  
  21  2:20  Drone  
  21  2:27  Queen  
  23  2:31  Drone x2  
  23  2:36  Zergling x2  
  26  2:40  Drone  
  27  2:48  Queen  
  29  2:53  Drone x2  
  29  2:56  Drone  
  32  3:02  Drone  
  32  3:05  Drone x2, Extractor  
  34  3:07  Drone  
  35  3:20  Overlord  
  35  3:23  Overlord  
  35  3:29  Lair  
  35  3:40  Queen  
  37  3:48  Drone  
  38  3:52  Baneling Nest  
  38  3:53  Drone x4  
  41  4:04  Drone x3  
  41  4:07  Overlord  
  44  4:12  Overlord  
  44  4:19  Overlord  
  44  4:23  Overlord  
  44  4:28  Zergling x2  
  45  4:33  Drone  
  45  4:36  Centrifugal Hooks  
  45  4:37  Metabolic Boost, Spire  
  45  4:43  Drone x2  
  45  4:44  Drone  
  48  4:45  Drone  
  48  4:47  Drone  
  50  4:56  Drone x2  
  50  4:58  Extractor  
  50  4:59  Drone x2  
  54  5:00  Drone, Extractor  
  54  5:05  Drone x3  
  56  5:13  Drone  
  57  5:18  Zergling x10  
  62  5:24  Overlord  
  62  5:42  Spore Crawler  
  62  5:43  Zergling x10  
  62  5:45  Spore Crawler  
  62  5:47  Hatchery  
  64  6:01  Zerg Flyer Weapons Level 1  
  64  6:03  Mutalisk x6  
  72  6:06  Overseer  
  72  6:09  Overlord  
  72  6:10  Overlord  
  76  6:22  Overlord x3  
  76  6:29  Baneling  
  76  6:30  Baneling x10  
  76  6:33  Baneling  
  76  6:34  Zergling x2  
  76  6:35  Zergling x6  
  80  6:51  Drone x3  
  80  6:52  Drone x3  
  86  7:11  Zergling x2  
  86  7:12  Zergling x10  
  82  7:46  Zergling x2  
  82  7:47  Zergling x16  
  81  8:00  Queen  
  81  8:01  Drone x3  
  85  8:10  Mutalisk x3  
  89  8:31  Extractor  
  89  8:32  Mutalisk x5  
  89  8:33  Mutalisk  
  100  8:34  Extractor  
  99  9:00  Hatchery  
  85  9:14  Zergling x2  
  85  9:15  Zergling x36  
  102  9:25  Drone  
  102  9:29  Evolution Chamber  
  102  9:35  Drone  
  102  9:36  Drone, Mutalisk  
  102  9:38  Evolution Chamber  
  105  9:40  Baneling  
  105  9:41  Baneling x21  
  105  9:42  Baneling x6  
  105  9:47  Drone x3  
  108  10:01  Zerg Flyer Weapons Level 2  
  108  10:03  Zerg Melee Weapons Level 1  
  108  10:04  Zerg Ground Armor Level 1  
  108  10:09  Zergling x10  
  108  10:10  Zergling x2  
  114  10:19  Overseer  
  114  10:21  Overseer  
  114  10:24  Mutalisk x3  
  82  10:54  Mutalisk x4  
  88  10:58  Baneling x3  
  88  10:59  Baneling  
  88  11:04  Queen  
  88  11:07  Drone x3  
  88  11:11  Drone x3  
  96  11:13  Overlord x5  
  96  11:15  Overseer  
  96  11:21  Infestation Pit  
  96  11:25  Mutalisk  
  95  11:31  Zergling x22  
  95  11:32  Zergling x2  
  109  11:41  Drone x3, Extractor x2  
  109  11:43  Drone x3  
  109  11:44  Drone  
  114  11:50  Mutalisk x2  
  101  12:09  Hatchery  
  89  12:17  Zerg Flyer Armor Level 1  
  72  12:31  Zergling x2  
  72  12:32  Zergling x30  
  86  12:42  Zergling x4  
  86  12:44  Baneling  
  86  12:53  Infestor x3  
  92  13:02  Zerg Melee Weapons Level 2, Hatchery, Zerg Ground Armor Level 2  
  92  13:04  Hive  
  91  13:09  Infestor  
  91  13:11  Mutalisk x4  
  101  13:22  Drone  
  101  13:26  Drone x3  
  105  13:27  Zergling x2  
  105  13:28  Zergling x4  
  105  13:32  Queen  
  110  13:43  Baneling  
  110  13:44  Baneling x11  
  110  13:45  Baneling x12  
  110  13:46  Zergling x2  
  110  13:47  Zergling x14  
  118  13:54  Overlord  
  118  13:56  Overlord  
  118  14:00  Overlord  
  92  14:45  Zergling x2  
  92  14:46  Zergling x28  
  92  14:47  Zergling x16  
  92  14:51  Queen  
  108  15:07  Zergling x2  
  108  15:08  Zergling x12  
  108  15:10  Baneling x14  
  108  15:11  Baneling x8  
  115  15:26  Mutalisk x2  
  115  15:27  Ultralisk Cavern  
  118  15:31  Zergling x8  
Tags
 
Matchup
TvZ
Opening
Pool First
Replay Pack
Multiplayer
Spawn Locations
Cross Positions
Add a new tag
Caveats
  • Supply blocks, unpowered buildings, or Contaminate may cause inaccurate times.
  • Supply counts are checked every 10 seconds.